 Dungeon Crawl Stone Soup version 0.26.0-10-g1f06aea511 (webtiles) character file.

Game seed: 17707455593779107882

393 Amaterasu the Cudgeller (level 6, -6/40 HPs)
             Began as a Gargoyle Fighter on Jan 24, 2021.
             Was a Follower of Trog.
             Killed by divine providence
             ... invoked by an orc priest
              (9 damage)
             ... on level 4 of the Dungeon.
             The game lasted 00:06:27 (2638 turns).

Amaterasu the Cudgeller (Gargoyle Fighter)          Turns: 2638, Time: 00:06:28

Health: -6/40      AC: 12    Str: 21    XL:     6   Next: 81%
Magic:  6/6        EV:  7    Int:  9    God:    Trog [*.....]
Gold:   205        SH: 10    Dex:  9    Spells: 5/5 levels left

rFire    + . .     SeeInvis .   a - +0 flail
rCold    + . .     Faith    .   c - +1 kite shield
rNeg     + . .     Spirit   .   l - +0 scale mail {rF+}
rPois    ∞         Reflect  .   o - +0 helmet (curse)
rElec    +         Harm     .   (no cloak)
rCorr    .         Rampage  .   (no gloves)
Will     .....     Rnd*Rage +   (no boots)
Stlth    ..........             (no amulet)
HPRegen  0.13/turn              f - ring of protection from cold
MPRegen  0.10/turn              (no ring)

@: mighty
A: talons 1, berserk 1, negative energy resistance 1, electricity resistance,
wild magic 1, unbreathing, petrification resistance, miasma immunity, AC +4
a: Renounce Religion, Berserk


You were on level 4 of the Dungeon.
You worshipped Trog.
Trog was aware of your devotion.
You visited 1 branch of the dungeon, and saw 4 of its levels.

You collected 205 gold pieces.

Inventory:

Hand Weapons
 a - a +0 flail (weapon)
Missiles
 b - 18 poisoned darts (quivered)
Armour
 c - a +1 kite shield (worn)
 l - a +0 scale mail of fire resistance (worn)
 o - a cursed +0 helmet (worn)
Jewellery
 f - a ring of protection from cold (left hand)
Scrolls
 h - 4 scrolls of remove curse
 i - 2 scrolls of fear
 m - a scroll of identify
 n - a scroll of teleportation
Potions
 d - 3 potions of might
 e - 3 potions of curing
 g - a potion of brilliance
 j - a potion of heal wounds {unknown}
 k - a potion of attraction {unknown}
 p - a potion of degeneration {unknown}


   Skills:
 - Level 5.0 Fighting
 - Level 5.0 Maces & Flails
 * Level 4.2 Armour
 * Level 4.3 Shields


You had 5 spell levels left.
You didn't know any spells.
Your spell library was empty.

Dungeon Overview and Level Annotations

Branches:
Dungeon (4/15)
 Temple: D:4-7

Altars:
Cheibriados
Dithmenos
Fedhas
Kikubaaqudgha
Okawaru
Ru
Trog
Vehumet
Zin


Innate Abilities, Weirdness & Mutations

You are resistant to torment.
Your stone body is resilient. (AC +4)
You are immune to poison.
You resist negative energy. (rN+)
You are resistant to electric shocks. (rElec)
You can survive without breathing.
You are immune to petrification.
You are immune to miasma.
You have sharp toenails.
You tend to lose your temper in combat.
Your spells are a little harder to cast, but a little more powerful.


Message History

You barely miss the orc warrior. The orc warrior barely misses you.
You hit the orc warrior. Your kick misses the orc warrior.
The orc warrior is lightly wounded.
The orc warrior completely misses you.
You sock the orc warrior! You claw the orc warrior!
You kill the orc warrior!
Trog accepts your kill.
Your Armour skill increases to level 4!
Your Shields skill increases to level 4!
You barely miss the orc priest.
The orc priest calls down the wrath of Beogh upon you.
Beogh smites you!
The orc priest calls down the wrath of Beogh upon you.
Beogh smites you!
* * * LOW HITPOINT WARNING * * *
You hit the orc priest. You claw the orc priest.
The orc priest is severely wounded.
The orc priest mumbles some strange prayers to Beogh against you.
Beogh smites you!
You die...

.#.#.#.#.##
_###⌠#.#_#
##
###########
. ....# #.#
#. ##..#
#.# #.###
#..# #.#
#.))# #..#
#.# #.#
#..#####.#
#o#
#.......>#
#@#
#.########
#.# #.# #.#
#. #.# #.#
#. #.# #.#
#. #.# #.#
#.
##.######
#.# #.
........#
#.# #.
##.####.#
#.# #.##


You could see an orc priest.

Vanquished Creatures
  An orc warrior (D:4)
  A phantom (D:4)
  3 orc priests (D:4)
  Terence (D:3)
  A howler monkey skeleton (D:4)
  3 adders
  2 worms
  6 orcs
  2 ball pythons
  3 bats
  3 giant cockroaches (D:1)
  8 goblins
  9 hobgoblins
  2 jackals (D:4)
  A quokka (D:4)
  3 frilled lizards
  11 kobolds
  4 rats
64 creatures vanquished.

Notes
Turn   | Place    | Note
-------+----------+-------------------------------------------
     0 | D:1      | Amaterasu the Gargoyle Fighter began the quest for the Orb.
     0 | D:1      | Reached XP level 1. HP: 14/14 MP: 1/1
   284 | D:1      | Reached XP level 2. HP: 19/19 MP: 2/2
   897 | D:2      | Found a bloodstained altar of Trog.
   955 | D:2      | Reached XP level 3. HP: 23/23 MP: 3/3
   962 | D:2      | Became a worshipper of Trog the Wrathful
   980 | D:2      | Found a glowing silver altar of Zin.
   998 | D:2      | Found a shadowy altar of Dithmenos.
  1006 | D:2      | Found an ancient bone altar of Kikubaaqudgha.
  1009 | D:2      | Found a blossoming altar of Fedhas.
  1358 | D:3      | Noticed Terence
  1374 | D:3      | Killed Terence
  1375 | D:3      | Reached XP level 4. HP: 14/28 MP: 4/4
  1754 | D:3      | Reached * piety under Trog
  1821 | D:3      | Gained mutation: You tend to lose your temper in combat.
                  | [potion of mutation]
  1821 | D:3      | Lost mutation: You tend to lose your temper in combat.
                  | [potion of mutation]
  1822 | D:3      | Gained mutation: You tend to lose your temper in combat.
                  | [potion of mutation]
  1822 | D:3      | Gained mutation: Your spells are a little harder to cast,
                  | but a little more powerful. [potion of mutation]
  1822 | D:3      | Gained mutation: You have sharp toenails. [potion of
                  | mutation]
  1979 | D:4      | Found an iron altar of Okawaru.
  2076 | D:4      | Reached XP level 5. HP: 29/32 MP: 5/5
  2186 | D:4      | Found a radiant altar of Vehumet.
  2186 | D:4      | Found a sacrificial altar of Ru.
  2190 | D:4      | Found a snail-covered altar of Cheibriados.
  2238 | D:4      | Noticed a phantom
  2251 | D:4      | Killed a phantom
  2252 | D:4      | Reached skill level 5 in Maces & Flails
  2380 | D:4      | Reached skill level 5 in Fighting
  2380 | D:4      | Reached XP level 6. HP: 13/40 MP: 6/6
  2628 | D:4      | Noticed an orc warrior
  2636 | D:4      | Killed an orc warrior
  2638 | D:4      | Killed from afar by an orc priest

Illustrated notes

Levels and vault maps discovered:
D:1:      shiori_arrival_elements, layout_rooms, serial_forest,
          infiniplex_forest_end_1, infiniplex_forest_clump_small,
          infiniplex_forest_straight_2, infiniplex_forest_end_2,
          infiniplex_forest_clump_curved, infiniplex_forest_straight_2,
          infiniplex_forest_clump_long, infiniplex_forest_corner_1,
          infiniplex_forest_clump_tiny, infiniplex_forest_end_3
D:2:      layout_basic, grunt_temple_overflow_cloverleaf, bloody_trog
D:3:      layout_rooms, st_stairs_1, uniq_terence
D:4:      layout_loops_ring, minitemple, makhleb_altar_promises_db

Skill      XL: |  1  2  3  4  5  6 |
---------------+-------------------+-----
Maces & Flails | 3 4 5 |  5.0
Fighting       | 5 |  5.0
Armour         | 4 |  4.2
Shields        | 4 |  4.3

Action                   |  1- 3 |  4- 6 || total
-------------------------+-------+-------++-------
Melee: Flail             |   154 |   119 ||   273
       Kick              |       |    12 ||    12
Throw: Dart              |       |    14 ||    14
  Use: Scroll            |     8 |     3 ||    11
       Potion            |       |     6 ||     6
Armor: Scale mail        |    77 |    35 ||   112
       Skin              |       |    34 ||    34
Dodge: Dodged            |    28 |    29 ||    57
Block: Kite shield       |    75 |    80 ||   155
